 Dungeon Crawl Stone Soup version 0.30.0-2-g1aa4bd4387 (webtiles) character file.

Game seed: 15016643216267097485

85 Byczy the Shooter (level 4, -2/27 HPs)
             Began as a Gargoyle Hunter on May 6, 2023.
             Was an Initiate of the Shining One.
             Slain by a gnoll
             ... wielding a +0 trident
             ... led by a gnoll bouda
              (5 damage)
             ... on level 4 of the Dungeon on May 7, 2023.
             The game lasted 00:10:31 (1223 turns).

Byczy the Shooter (Gargoyle Hunter)                 Turns: 1223, Time: 00:10:31

Health: -2/27      AC:  7    Str: 14    XL:     4   Next: 48%
Magic:  4/4        EV: 11    Int: 10    God:    the Shining One [......]
Gold:   73         SH:  0    Dex: 15    Spells: 3/3 levels left

rFire   x . .        a - +0 shortbow
rCold   + . .        (shield currently unavailable)
rNeg    + . .        c - +0 leather armour
rPois   ∞            (no helmet)
rElec   +            (no cloak)
rCorr   .            (no gloves)
SInv    .            (no boots)
Will    .....        (no amulet)
Stlth   +            d - ring of ice
HPRegen 0.24/turn    (no ring)
MPRegen 0.09/turn

%: no passive effects
@: flying, glowing
A: sickness immunity, AC +3, negative energy resistance 1, electricity
resistance, torment resistance 1, petrification resistance, shaggy fur 1, wild
magic 1
a: Renounce Religion


You were on level 4 of the Dungeon.
You worshipped the Shining One.
The Shining One was noncommittal.
You visited 1 branch of the dungeon, and saw 3 of its levels.

You collected 73 gold pieces.

Inventory:

Hand Weapons
 a - a +0 shortbow (weapon)
Armour
 c - a +0 leather armour (worn)
Jewellery
 d - a ring of ice (left hand)
 k - a ring of protection from fire
Scrolls
 b - 2 scrolls of immolation
 f - a scroll of enchant weapon {unknown}
 h - a scroll of blinking {unknown}
 i - 2 scrolls of identify {unknown}
 j - a scroll of silence {unknown}
Potions
 e - 2 potions of mutation
 l - a potion of ambrosia {unknown}
 m - a potion of curing {unknown}
 n - a potion of heal wounds {unknown}
 o - a potion of invisibility {unknown}
 p - a potion of brilliance {unknown}


   Skills:
 + Level 2.3 Fighting
 + Level 5.6 Ranged Weapons
 + Level 0.3 Armour
 + Level 1.6 Dodging
 + Level 1.3 Stealth


You had 3 spell levels left.
You didn't know any spells.
Your spell library contained the following spells:

 Spells                   Type           Power      Damage    Failure   Level
 Tukima's Dance           Hex            0%         N/A       87%         3
 Passage of Golubria      Tloc           0%         N/A       99%         4
 Yara's Violent Unravell  Hex/Tmut       0%         3d3       100%        5


Dungeon Overview and Level Annotations

Branches:
Dungeon (4/15)
 Temple: D:4-7

Altars:
Cheibriados
Gozag
Hepliaklqana
Ru
Vehumet
Wu Jian
Zin
The Shining One

Shops:
D:4 *


Innate Abilities, Weirdness & Mutations

You are immune to sickness and miasma.
Your stone body is resilient. (AC +3)
You are immune to poison.
You resist negative energy. (rN+)
You are resistant to electric shocks. (rElec)
You are resistant to unholy torment.
You are immune to petrification.
You are covered in fur. (AC +1)
Your spells are a little harder to cast, but a little more powerful.


Message History

The hound attacks as you move away! The hound misses you. The hound bites you.
There is an open door, spattered with blood here.
You see here a hobgoblin corpse.
Fire: a) +0 shortbow
Press: ? - help, Q - select action Shift-Dir - straight line, f/p - hound
Aim: a hound (moderately wounded, 51% to hit)
You shoot an arrow.
The arrow hits the hound but does no damage.
The hound is moderately wounded.
The hound bites you. The hound bites you but does no damage.
The gnoll hits you from afar with a +0 trident.
Fire: a) +0 shortbow
Press: ? - help, Q - select action Shift-Dir - straight line, f/p - hound
Aim: a hound (moderately wounded, 51% to hit)
You shoot an arrow. The arrow barely misses the hound.
The arrow hits the gnoll.
The gnoll is heavily wounded.
The hound bites you.
* * * LOW HITPOINT WARNING * * *
The gnoll hits you but does no damage. The hound closely misses you.
Fire: a) +0 shortbow
Press: ? - help, Q - select action Shift-Dir - straight line, f/p - hound
Aim: a hound (moderately wounded, 51% to hit)
You shoot an arrow. The arrow hits the hound.
The hound is moderately wounded.
The hound bites you but does no damage.
The gnoll hits you from afar with a +0 trident.
* * * LOW HITPOINT WARNING * * *
The hound bites you but does no damage.
It was a potion of mutation.
You feel extremely strange.
You feel less in control of your magic. Fur sprouts all over your body.
The hound bites you but does no damage.
The gnoll hits you from afar with a +0 trident.
* * * LOW HITPOINT WARNING * * *
It was a potion of flight.
You feel very buoyant.
You fly up into the air.
The hound bites you but does no damage.
The gnoll hits you from afar with a +0 trident.
You die...

#....+....#[.............#.....+
#....##'###....####......#.....#
#..............#..########.....#
#####..........#..# #.....#
#..........#..# ##.....#
#..........#'## #......#
#..........#..# ##.....#
#..........#..########.....#
#######...gh@..............#
#...g#..##....##.....#
#....#..########.....#
#....#..##....##.....#
#....#........#......#
#...g#........#..(...+
#....#........##.....#
#....######...########
####.....#.###...##.....#


You could see a hound and 2 gnolls.

Vanquished Creatures
  A gnoll bouda (D:4)
  An adder (D:4)
  An ufetubus (D:4)
  3 dart slugs
  2 bats (D:1)
  2 endoplasms
  3 giant cockroaches
  2 goblins (D:1)
  4 hobgoblins
  2 quokkas (D:1)
  A ball python (D:1)
  6 frilled lizards (D:1)
  6 kobolds
  2 rats (D:1)
36 creatures vanquished.

Vanquished Creatures (others)
  A plant (D:1)
1 creature vanquished.

Grand Total: 37 creatures vanquished

Notes
Turn   | Place    | Note
-------+----------+-------------------------------------------
     0 | D:1      | Byczy the Gargoyle Hunter began the quest for the Orb.
     0 | D:1      | Reached XP level 1. HP: 12/12 MP: 1/1
   155 | D:1      | Reached XP level 2. HP: 17/17 MP: 2/2
   388 | D:1      | Reached XP level 3. HP: 21/21 MP: 3/3
   843 | D:2      | Reached skill level 5 in Ranged Weapons
   915 | D:2      | You fall into a shaft and drop 2 floors!
   934 | D:4      | Found a sacrificial altar of Ru.
   937 | D:4      | Found a glowing golden altar of the Shining One.
   940 | D:4      | Found a radiant altar of Vehumet.
   943 | D:4      | Found an opulent altar of Gozag.
   944 | D:4      | Became a worshipper of the Shining One
   946 | D:4      | Found an ornate altar of the Wu Jian Council.
   950 | D:4      | Found a hazy altar of Hepliaklqana.
   953 | D:4      | Found a snail-covered altar of Cheibriados.
   978 | D:4      | Found a glowing silver altar of Zin.
  1028 | D:4      | Upgraded the game from 0.30.0 to 0.30.0-2-g1aa4bd4387
  1033 | D:4      | Reached XP level 4. HP: 21/27 MP: 4/4
  1199 | D:4      | Found Zaskeim's Mass Market.
  1222 | D:4      | Gained mutation: Your spells are a little harder to cast,
                  | but a little more powerful. [potion of mutation]
  1222 | D:4      | Gained mutation: You are covered in fur. (AC +1) [potion of
                  | mutation]
  1223 | D:4      | Slain by a gnoll

Illustrated notes

Levels and vault maps discovered:
D:1:      saegor_arrival_under_anarchy, layout_basic
D:2:      layout_basic, uniq_terence
D:4:      layout_gridville, mainiacjoe_overflow_tiny_flanked,
          nicolae_overflow_hallway_of_the_gods, minmay_temple_entry_hall,
          minmay_shop_mass, st_stairs_9, uniq_menkaure

Skill      XL: |  1  2  3 |
---------------+----------+-----
Ranged Weapons | 5 |  5.6
Fighting       | |  2.3
Armour         | |  0.3
Dodging        | |  1.6
Stealth        | |  1.3

Action                     |  1- 3 |  4- 6 || total
---------------------------+-------+-------++-------
   Fire: Shortbow          |   114 |     9 ||   123
    Use: Potion            |       |     2 ||     2
 Armour: Leather armour    |    29 |    11 ||    40
  Dodge: Dodged            |    31 |     8 ||    39
